 Dungeon Crawl Stone Soup version 0.25-a0-886-gd7461d2276 (webtiles) character file.

Game seed: 7693217611797404521, levelgen mode: deterministic

239 Maedhros the Insei (level 6, -3/38 HPs)
             Began as an Octopode Artificer on May 1, 2020.
             Was an Initiate of Cheibriados.
             Slain by an orc wizard
             ... wielding a +2 dagger of flaming
              (6 damage)
             ... on level 6 of the Dungeon.
             The game lasted 00:04:16 (852 turns).

Maedhros the Insei (Octopode Artificer)              Turns: 852, Time: 00:04:16

Health: -3/38      AC:  1    Str: 16    XL:     6   Next: 7%
Magic:  8/8        EV: 13    Int: 15    God:    Cheibriados [......]
Gold:   67         SH:  0    Dex: 15    Spells: 5/5 levels left

rFire    . . .     SeeInvis .   a - +0 short sword
rCold    . . .     Gourm    .   (no shield)
rNeg     . . .     Faith    .   (helmet restricted)
rPois    .         Spirit   .   (no amulet)
rElec    .         Reflect  .   q - +4 ring of strength
rCorr    .         Harm     .   (no ring)
MR       .....                  (no ring)
Stlth    ++++......             (no ring)
HPRegen  0.12/turn              (no ring)
MPRegen  0.11/turn              (no ring)
                                (no ring)
                                (no ring)

@: slow
A: almost no armour, stealthy swim, amphibious, 8 rings, constrict 8, camouflage
1, gelatinous body 1
a: Bend Time, Renounce Religion


You were on level 6 of the Dungeon.
You worshipped Cheibriados.
Cheibriados was noncommittal.
You were not hungry.

You visited 2 branches of the dungeon, and saw 6 of its levels.

You collected 67 gold pieces.

Inventory:

Hand Weapons
 a - a +0 short sword (weapon)
Jewellery
 q - a +4 ring of strength (left tentacle)
Wands
 b - a wand of flame (7)
 d - a wand of random effects (8)
Scrolls
 e - 2 scrolls of enchant armour {unknown}
 j - 3 scrolls of identify {unknown}
 k - a scroll of magic mapping {unknown}
 l - a scroll of noise {unknown}
 o - a scroll of immolation {unknown}
 p - a scroll of teleportation {unknown}
 r - a scroll of fear {unknown}
Comestibles
 f - 5 rations


   Skills:
 - Level 1.0 Fighting
 - Level 1.0 Short Blades
 - Level 2.0 Dodging
 - Level 4.0 Stealth
 + Level 5.0 Unarmed Combat
 - Level 3.2 Evocations


You had 5 spell levels left.
You didn't know any spells.
Your spell library was empty.

Dungeon Overview and Level Annotations

Branches:
Dungeon (6/15)             Temple (1/1) D:6

Altars:
Ashenzari
Cheibriados
Dithmenos
Elyvilon
Fedhas
Hepliaklqana
Kikubaaqudgha
Nemelex Xobeh
Okawaru
Ru
Sif Muna
Trog
Uskayaw
Vehumet
Wu Jian
Xom
Yredelemnul
Zin


Innate Abilities, Weirdness & Mutations

You cannot wear most types of armour.
You are very stealthy in the water. (Stealth+)
You are amphibious.
You can wear up to eight rings at the same time.
You can use your tentacles to constrict eight enemies at once.
Your skin changes colour to match your surroundings (Stealth+).
Your rubbery body absorbs attacks. (AC +1, EV +1)


Message History

The jackal barely misses you. The orc wizard casts a spell at you.
You are confused.
The jackal closely misses you.
You're too confused to move!
The centaur wields a +0 shortbow.
The centaur shoots an arrow.
The arrow closely misses you. The jackal misses you.
The orc wizard mumbles some strange words.
The orc wizard flickers and vanishes!
Deactivating autopickup; reactivate with Ctrl-A.
The centaur shoots an arrow.
The arrow hits you.
* * * LOW HITPOINT WARNING * * *
The jackal closely misses you.
You see here an arrow.
The jackal misses you. The jackal barely misses you.
You aren't carrying any potions.
You feel less confused. Something hits you.
You die...
Xom laughs nastily!

###....#....##..# ..
....#.....#.....#.##
#.....#.#.##.(....
#...#.c..).##.#.
######%...##.>[.(.#
#......##..(..)##...
#.........#(##....##
#...h(.##.#....##(..
#..@a<.......#.. .#
#...c..##.##.#..# #
#####.............
####.#.##..###
#.#.##..# #.#..... #
#.####.###...
#.##.####.....#
#........# ##


You could see a centaur, a worker ant and a jackal.

Vanquished Creatures
  An orc priest (D:4)
  An adder (D:4)
  A worker ant (D:4)
  An ooze (D:4)
  An orc (D:6)
  3 giant cockroaches
  2 goblins (D:3)
  A hobgoblin (D:1)
  A jackal (D:6)
  A bat (D:2)
  A kobold (D:3)
  2 rats (D:3)
16 creatures vanquished.

Vanquished Creatures (collateral kills)
  2 ogres (D:6)
  A bullfrog zombie (D:6)
  An orc priest (D:4)
  An adder (D:4)
  3 orcs (D:6)
  A giant cockroach (D:6)
  5 jackals (D:6)
14 creatures vanquished.

Vanquished Creatures (others)
  A bullfrog zombie (D:6)
  A worker ant (D:4)
2 creatures vanquished.

Grand Total: 32 creatures vanquished

Notes
Turn   | Place    | Note
-------+----------+-------------------------------------------
     0 | D:1      | Maedhros the Octopode Artificer began the quest for the
                  | Orb.
     0 | D:1      | Reached XP level 1. HP: 13/13 MP: 3/3
   148 | D:3      | Reached XP level 2. HP: 16/18 MP: 4/4
   209 | D:4      | Found a transporter.
   235 | D:4      | Reached skill level 1 in Unarmed Combat
   235 | D:4      | Reached XP level 3. HP: 23/23 MP: 5/5
   246 | D:4      | Reached skill level 2 in Unarmed Combat
   259 | D:4      | Found a transporter.
   301 | D:4      | Reached XP level 4. HP: 7/28 MP: 6/6
   415 | D:4      | HP: 2/42 [poisoned by an adder]
   421 | D:4      | HP: 2/42 [poisoned by an adder]
   427 | D:4      | HP: 1/42 [poisoned by an adder]
   441 | D:4      | Reached skill level 3 in Unarmed Combat
   469 | D:4      | You fall into a shaft and drop 2 floors!
   470 | D:6      | Noticed an ogre
   470 | D:6      | Noticed a centaur
   476 | D:6      | Killed an ogre
   476 | D:6      | Reached skill level 4 in Unarmed Combat
   476 | D:6      | Reached XP level 5. HP: 5/33 MP: 7/7
   536 | D:6      | Found a staircase to the Ecumenical Temple.
   542 | D:6      | Noticed an ogre
   561 | D:6      | Killed an ogre
   561 | D:6      | Reached XP level 6. HP: 25/38 MP: 8/8
   566 | D:6      | Reached skill level 5 in Unarmed Combat
   580 | Temple   | Entered the Ecumenical Temple
   616 | Temple   | Became a worshipper of Xom of Chaos
   625 | Temple   | Fell from the grace of Xom
   625 | Temple   | Became a worshipper of Cheibriados the Contemplative
   852 | D:6      | Slain by an orc wizard

Levels and vault maps discovered:
D:1:      eino_arrival_water_star, layout_loops_ring
D:2:      layout_loops_ring, uniq_robin
D:3:      layout_rooms, old_standard_altar,
          chequers_ecumenical_altar_simple_redux, first_ration,
          minmay_misc_feat_rows, minmay_puff
D:4:      gammafunk_wand_slinger, layout_basic, minmay_fountain_box,
          uniq_natasha
D:6:      layout_loops_cross, chequers_temple_overflow_statue_of_worship,
          minmay_temple_entry_ruins
Temple:   hc_temple_tempest_star

Skill      XL: |  1  2  3  4  5  6 |
---------------+-------------------+-----
Stealth        | 3 4 |  4.0
Unarmed Combat | 1 2 4 5 |  5.0
Fighting       | |  1.0
Short Blades   | |  1.0
Dodging        | |  2.0
Evocations     | |  3.2

Action                   |  1- 3 |  4- 6 || total
-------------------------+-------+-------++-------
Melee: Short sword       |    18 |    13 ||    31
       Constrict         |     5 |     1 ||     6
       Tentacles         |     3 |     4 ||     7
Evoke: Wand              |    11 |    20 ||    31
  Use: Potion            |       |     6 ||     6
 Stab: Sleeping          |     2 |     1 ||     3
       Paralysed         |     1 |       ||     1
Armor: Skin              |     1 |     2 ||     3
Dodge: Dodged            |     6 |    23 ||    29

Table legend:
 A = Non-vault XP
 B = Vault XP
 C = Vault XP percentage of total XP
 D = Non-vault monster count
 E = Vault monster count
 F = Vault count percentage of total count
                 A         B        C        D         E       F
            +---------+---------+-------+---------+---------+-------
      Total |     279 |      63 |  18.4 |      28 |       2 |   6.7
            +---------+---------+-------+---------+---------+-------
        D:1 |       2 |       0 |   0.0 |       1 |       0 |   0.0
        D:2 |       3 |       0 |   0.0 |       2 |       0 |   0.0
        D:3 |       9 |       0 |   0.0 |       6 |       0 |   0.0
        D:4 |      82 |      63 |  43.4 |       4 |       2 |  33.3
        D:6 |     183 |       0 |   0.0 |      15 |       0 |   0.0
            +---------+---------+-------+---------+---------+-------
